 Dungeon Crawl Stone Soup version 0.26-a0-79-g47e9afce7f (webtiles) character file.

Game seed: 15397029178830793738

8 vurker the Vexing (level 2, -1/21 HPs)
             Began as a Formicid Arcane Marksman on June 16, 2020.
             Slain by a hobgoblin (3 damage)
             ... on level 1 of the Dungeon.
             The game lasted 00:00:46 (316 turns).

vurker the Vexing (Formicid Arcane Marksman)         Turns: 316, Time: 00:00:46

Health: -1/21      AC:  2    Str: 14    XL:     2   Next: 15%
Magic:  3/3        EV: 12    Int: 12    God:
Gold:   23         SH:  0    Dex: 11    Spells: 2/3 levels left

rFire    . . .     SeeInvis +   a - +0 hand crossbow
rCold    . . .     Gourm    .   (no shield)
rNeg     . . .     Faith    .   f - +0 robe
rPois    .         Spirit   .   (helmet unavailable)
rElec    .         Reflect  .   (no cloak)
rCorr    .         Harm     .   (no gloves)
MR       .....                  (no boots)
Stlth    +.........             (no amulet)
HPRegen  0.07/turn              (no ring)
MPRegen  0.08/turn              (no ring)

@: no status effects
A: permanent stasis, dig shafts and tunnels, four strong arms, antennae 3
a: Dig, Shaft Self


You were on level 1 of the Dungeon.
You were not hungry.

You visited 1 branch of the dungeon, and saw 1 of its levels.

You collected 23 gold pieces.

Inventory:

Hand Weapons
 a - a +0 hand crossbow (weapon)
 b - a +0 short sword
   (You took it off a kobold on level 1 of the Dungeon)
Missiles
 d - 16 bolts (quivered)
Armour
 f - a +0 robe (worn)
Scrolls
 g - 2 scrolls of remove curse {unknown}
 i - a scroll of noise {unknown}
 j - a scroll of enchant armour {unknown}
Potions
 c - 2 potions of berserk rage {unknown}
Comestibles
 e - a ration
 h - a chunk of flesh


   Skills:
 + Level 1.5 Fighting
 * Level 2.5 Crossbows
 - Level 1.7 Dodging
 - Level 1.1 Spellcasting
 - Level 3.6 Hexes


You had 2 spell levels left.
You knew the following spells:

 Your Spells              Type           Power        Failure   Level  Hunger
a - Corona                Hex            #......      7%          1    ##.....

Your spell library contained the following spells:

 Spells                   Type           Power        Failure   Level  Hunger
 Slow                     Hex            #.......     11%         2    ###....
 Inner Flame              Hex/Fire       #.......     38%         3    ####...
 Portal Projectile        Hex/Tloc       #.....       38%         3    ####...
 Cause Fear               Hex            #.........   56%         4    #####..
 Leda's Liquefaction      Hex/Erth       #.........   80%         4    #####..


Dungeon Overview and Level Annotations

Branches:
Dungeon (1/15)

Altars:


Innate Abilities, Weirdness & Mutations

You cannot be hasted, slowed, berserked, paralysed or teleported.
You can dig through walls and to a lower floor.
Your four strong arms can wield two-handed weapons with a shield.
You have a pair of large antennae on your head. (SInv)


Message History

You kill the giant cockroach!
You have reached level 2! 2 hobgoblins come into view.
The hobgoblin shouts!
There are monsters nearby!
There are monsters nearby!
The hobgoblin hits you.
You barely miss the hobgoblin.
The hobgoblin hits you but does no damage.
The hobgoblin closely misses you. The hobgoblin misses you.
You barely miss the hobgoblin. The hobgoblin hits you.
The hobgoblin completely misses you.
Some of the chunks of flesh in your inventory have rotted away.
You closely miss the hobgoblin. The hobgoblin hits you.
You hit the hobgoblin but do no damage. The hobgoblin barely misses you.
You hit the hobgoblin but do no damage. The hobgoblin hits you.
You hit the hobgoblin but do no damage. The hobgoblin misses you.
You hit the hobgoblin. The hobgoblin hits you.
* * * LOW HITPOINT WARNING * * *
You closely miss the hobgoblin. The hobgoblin hits you.
* * * LOW HITPOINT WARNING * * *
You hit the hobgoblin.
You kill the hobgoblin!
You barely miss the hobgoblin. The hobgoblin completely misses you.
You hit the hobgoblin. The hobgoblin barely misses you.
You barely miss the hobgoblin. The hobgoblin hits you.
* * * LOW HITPOINT WARNING * * *
The hobgoblin hits you.
* * * LOW HITPOINT WARNING * * *
a - a +0 hand crossbow (weapon)
Firing (i - inventory)
d - 20 bolts (quivered)
Aim: a hobgoblin (heavily wounded)
You shoot a bolt. The bolt barely misses the hobgoblin.
The hobgoblin hits you.
* * * LOW HITPOINT WARNING * * *
Firing (i - inventory)
d - 19 bolts (quivered)
Aim: a hobgoblin (heavily wounded)
You shoot a bolt. The bolt barely misses the hobgoblin.
The hobgoblin barely misses you. The hobgoblin hits you.
* * * LOW HITPOINT WARNING * * *
Firing (i - inventory)
d - 18 bolts (quivered)
Aim: a hobgoblin (heavily wounded)
You shoot a bolt.
The bolt hits the hobgoblin but does no damage.
The hobgoblin hits you but does no damage.
Firing (i - inventory)
d - 17 bolts (quivered)
Aim: a hobgoblin (heavily wounded)
You shoot a bolt.
The bolt completely misses the hobgoblin.
The hobgoblin barely misses you. The hobgoblin hits you.
You die...

#..............#
#..............#
#...>..........#
.............###
...........###
...........# ...........#
....#....#################
.##......(.....g@........#
.##............###########
...............#
............####
............#
............#
............#
............#
............#


You could see a hobgoblin.

Vanquished Creatures
  A giant cockroach (D:1)
  A goblin (D:1)
  2 hobgoblins (D:1)
  A ball python (D:1)
  A frilled lizard (D:1)
  A kobold (D:1)
  A rat (D:1)
8 creatures vanquished.

Notes
Turn   | Place    | Note
-------+----------+-------------------------------------------
     0 | D:1      | vurker the Formicid Arcane Marksman began the quest for the
                  | Orb.
     0 | D:1      | Reached XP level 1. HP: 15/15 MP: 2/2
   194 | D:1      | Reached XP level 2. HP: 16/21 MP: 3/3
   316 | D:1      | Slain by a hobgoblin

Illustrated notes

Levels and vault maps discovered:
D:1:      lemuel_arrival_rhombus, layout_basic

Action                   || total
-------------------------++-------
Melee: Short sword       ||    31
 Fire: Hand crossbow     ||     8
Armor: Robe              ||     5
Dodge: Dodged            ||    25

Table legend:
 A = Non-vault XP
 B = Vault XP
 C = Vault XP percentage of total XP
 D = Non-vault monster count
 E = Vault monster count
 F = Vault count percentage of total count
                 A         B        C        D         E       F
            +---------+---------+-------+---------+---------+-------
      Total |      12 |       0 |   0.0 |       8 |       0 |   0.0
            +---------+---------+-------+---------+---------+-------
        D:1 |      12 |       0 |   0.0 |       8 |       0 |   0.0
            +---------+---------+-------+---------+---------+-------
